 Dungeon Crawl Stone Soup version 0.15.2 (webtiles) character file.

489264 magipi the Anemomancer (level 25, 0/150 HPs)
             Began as a Tengu Fire Elementalist on June 9, 2015.
             Was the Champion of Makhleb.
             Splashed by an acid blob's acid (2 damage)
             ... on Level 2 of the Pits of Slime on June 16, 2015.
             The game lasted 10:46:49 (89590 turns).

magipi the Anemomancer (Tengu Fire Elementalist)   Turns: 89590, Time: 10:46:50

HP   0/150       AC -22    Str 11      XL: 25   Next: 29%
MP  10/41        EV 32     Int 20      God: Makhleb [******]
Gold 3016        SH  7     Dex 18      Spells: 13 memorised,  3 levels left

rFire  . . .     SeeInvis .     a - +9 demon whip (elec)
rCold  + + .     Clarity  .     G - +3 leather armour {MR+}
rNeg   . . .     rCorr    +     Z - +0 buckler {AC+3}
rPois  +         rRot     .     W - +2 hat
rElec  +         Spirit   .     p - +0 cloak of Starlight {rElec rC+ EV+4 Stlth-}
SustAb .         Warding  .     m - +2 pair of gloves
rMut   .         Stasis   .     (boots unavailable)
Gourm  .                        F - amulet of resist corrosion
MR     ++...                    w - ring "Tacs" {rPois rC+}
                                Q - ring of wizardry

@: corroded equipment, flying quickly and evasively, very slightly contaminated,
hasted, repel missiles, very quick, very resistant to hostile enchantments, very
unstealthy
A: able to fly continuously, beak, talons 3, clumsy 1
a: Stop Flying, Minor Destruction, Lesser Servant of Makhleb, Major Destruction,
Greater Servant of Makhleb, Renounce Religion
}: 1/15 runes: decaying


You were on level 2 of the Pits of Slime.
You worshipped Makhleb.
Makhleb was exalted by your worship.
You were not hungry.

You visited 12 branches of the dungeon, and saw 56 of its levels.
You visited 1 bazaar.
You also visited: Bailey.

You collected 6582 gold pieces.
You spent 3566 gold pieces at shops.

Inventory:

Hand weapons
 a - a +9 demon whip of electrocution (weapon)
 e - a +0 blowgun
Missiles
 x - 44 poisoned needles
 N - 15 curare-tipped needles
Armour
 m - a +2 pair of gloves (worn)
 p - the +0 cloak of Starlight (worn) {rElec rC+ EV+4 Stlth-}
   (You acquired it on level 4 of the Spider Nest)

   It affects your evasion (+4).
   It protects you from cold.
   It insulates you from electricity.
   It makes you less stealthy.
 G - a +3 leather armour of magic resistance (worn)
 W - a +2 hat (worn)
 Z - a +0 buckler of protection (worn)
Magical devices
 d - a wand of digging (3)
 s - a wand of teleportation (5)
 u - a wand of heal wounds (1)
Comestibles
 c - 10 bread rations
 n - 10 meat rations
Scrolls
 h - 16 scrolls of remove curse
 k - 5 scrolls of blinking
 l - 5 scrolls of recharging
 o - 5 scrolls of magic mapping
 v - 6 scrolls of teleportation
 A - 4 scrolls of identify
 D - 3 scrolls of fear
 R - 4 scrolls of summoning
 S - 3 scrolls of enchant armour
 Y - 3 scrolls of fog
Jewellery
 f - an uncursed ring of protection from fire
 i - an uncursed ring of see invisible
 q - an uncursed ring of protection from magic
 r - an uncursed ring of regeneration
 w - the ring "Tacs" (right hand) {rPois rC+}
   (You took it off a deep elf conjurer on level 3 of the Elven Halls)

   [ring of poison resistance]

   It protects you from cold.
   It protects you from poison.
 y - an uncursed amulet of warding
 z - the amulet of Gevuv {+Rage Dex+2 Int+2}
   (You found it on level 7 of the Dungeon)

   [amulet of rage]

   It affects your intelligence (+2).
   It affects your dexterity (+2).
   It lets you go berserk.
 F - an amulet of resist corrosion (around neck)
 I - a cursed ring of teleportation
 J - an uncursed amulet of resist mutation
 M - a cursed ring of positive energy
 Q - a ring of wizardry (left hand)
Potions
 j - 7 potions of might
 t - 15 potions of curing
 B - 7 potions of agility
 C - 9 potions of haste
 H - 6 potions of cancellation
 K - 4 potions of magic
 T - a potion of invisibility
 U - 5 potions of berserk rage
 V - 5 potions of resistance
Books
 E - a Necronomicon {highlevel}

   This book is beyond your current level of understanding.

   Spells                             Type                      Level
   Haunt                              Necromancy/Summoning         7
   Borgnjor's Revivification          Necromancy                   8
   Death's Door                       Charms/Necromancy            8
   Necromutation                      Transmutation/Necromancy     8
 X - the Papyrus of Darkness and Ice
   (You found it on level 3 of the Crypt)

   Spells                             Type                      Level
   Freeze                             Ice                          1
   *Animate Skeleton                  Necromancy                   1
   Excruciating Wounds                Charms/Necromancy            5
   Dispel Undead                      Necromancy                   5
   Bolt of Cold                       Conjuration/Ice              6
Magical staves
 b - an uncursed staff of fire
 g - an uncursed staff of wizardry
Miscellaneous
 O - a lamp of fire


   Skills:
 - Level 13.0 Fighting
 - Level 10.1(12.4) Maces & Flails
 - Level 12.0(13.3) Staves
 - Level 9.0 Armour
 - Level 15.0 Dodging
 - Level 2.0 Stealth
 - Level 8.3 Shields
 - Level 12.0 Spellcasting
 - Level 12.8 Conjurations
 - Level 13.0 Charms
 - Level 3.0 Summonings
 - Level 3.0 Translocations
 - Level 12.4 Fire Magic
 + Level 25.8 Air Magic
 - Level 12.0 Invocations
 - Level 11.0 Evocations


You had 3 spell levels left.
You knew the following spells:

 Your Spells              Type           Power        Failure   Level  Hunger
a - Flame Tongue          Conj/Fire      #####        1%          1    None
b - Conjure Flame         Conj/Fire      ######..     1%          3    None
c - Sticky Flame          Conj/Fire      ######..     1%          4    #......
d - Fireball              Conj/Fire      ######....   1%          5    ###....
e - Bolt of Fire          Conj/Fire      ######....   2%          6    ######.
f - Apportation           Tloc           ###.......   1%          1    None
g - Summon Butterflies    Summ           ###.....     1%          1    None
h - Haste                 Chrm           ######..     1%          6    ######.
i - Airstrike             Air            #######...   0%          4    #......
j - Tornado               Air            #######...   9%          9    #######
k - Animate Skeleton      Necr           N/A          2%          1    None
m - Repel Missiles        Chrm/Air       ######       0%          2    None
B - Blink                 Tloc           N/A          1%          2    None


Dungeon Overview and Level Annotations

Branches:
Dungeon (15/15)            Temple (1/1) D:6             Orc (4/4) D:9
    Elf (3/3) Orc:3          Lair (8/8) D:9           Swamp (5/5) Lair:3
 Spider (5/5) Lair:4        Slime (2/6) Lair:6       Vaults (4/5) D:13
  Crypt (3/3) Vaults:2       Tomb (0/3) Crypt:3      Depths (5/5) D:15
   Hell (1/1)                 Zot (0/5) Depths:5
    Dis: Hell:1         Geh: Hell:1         Coc: Hell:1         Tar: Hell:1

Altars:
Ashenzari
Cheibriados
Dithmenos
Elyvilon
Fedhas
Kikubaaqudgha
Makhleb
Nemelex Xobeh
Okawaru
Qazlal
Sif Muna
Trog
Vehumet
Xom
Yredelemnul
Zin
The Shining One
Beogh

Shops:
D:10 *   Orc:2 !   Orc:3 (   Orc:4 %[(=   Elf:1 =   Elf:3 =   Depths:1 *

Portals:
Hell: Depths:1 Depths:2 Depths:3 Depths:4 Depths:5
Abyss: Depths:3 Depths:4
Pandemonium: Depths:3 Depths:5
Ziggurat: Depths:3

Annotations:
D:11 exclusion: 2 orange crystal statues
Lair:8 return
Vaults:3 Mara
Vaults:4 Boris, Xtahua
Hell Geryon


Innate Abilities, Weirdness & Mutations

You can fly continuously.
You have a beak for a mouth.
You have claws for feet.
You are clumsy. (Dex -2)

Vault maps used:
D:1:      tarquinn_simple_flora_water_e, st_stairs_1, grunt_decor_fettered,
          minivault_5
D:2:      first_bread
D:3:      lemuel_doored_altar, lightli_corner_chamber
D:4:      kennysheep_flooded_box
D:5:      cheibriados_altar_1
D:6:      old_forge, kiku_gazebo_garden_becter,
          minmay_temple_entry_from_below_b, uniq_grinder, uniq_edmund
D:7:      nicolae_ossuary_entry_ruins
D:8:      nicolae_dithmenos_the_darkroom, old_standard_altar,
          lightli_church_of_beogh
D:9:      orc_0_dummy, minmay_lair_entry_grove, hangedman_ranch, uniq_maurice,
          uniq_pikel
D:10:     serial_shops, nicolae_shop_competitors_out_of_business,
          glass_columns_c
D:11:     statue_in_the_mist_lemuel, minivault_16, minivault_23
D:12:     nicolae_looking_at_the_future
D:13:     david_vaults_4, uniq_grum
D:14:     minivault_25, minmay_liquid_box, lemuel_old_faithful
D:15:     grunt_enter_depths_giant_problem
Temple:   circular_temple_pool_12
Orc:1:    basic_altar, uniq_prince_ribbit1
Orc:2:    serial_shops, shop, bloody_makhleb
Orc:3:    serial_shops, shop, enter_bailey_2, nicolae_orc_pool_cavern
Orc:4:    st_orc_rangers
Elf:1:    eino_elf_arrival_customs, serial_shops, nicolae_shop_behind_doors,
          uniq_nessos, uniq_josephine
Elf:2:    minmay_misc_feat_pillars, uniq_louise, uniq_saint_roka
Elf:3:    grunt_elf_hall_diamonds, serial_shops, shop
Lair:1:   bh_autumn_forest_stairs, serial_bayou_shore_a, uniq_fannar
Lair:3:   nicolae_swamp_entry_splash_gauntlet, serial_bayou_shore_b, uniq_snorg
Lair:4:   spider_nest_entry_web_field
Lair:5:   wad_woods_river_01
Lair:6:   minmay_slime_entry_oklob_open, wad_woods_road_04, uniq_erica
Lair:8:   hangedman_lair_tendril_chambers, serial_bayou_pond_b
Swamp:1:  evilmike_swamp_ruin_rubble_2, infiniplex_staircase_pool, uniq_aizul
Swamp:2:  evilmike_swamp_ruin_house_4
Swamp:3:  hangedman_swamp_ruin_hall, swamp_pool2, wheals_swamp_sinkhole,
          hangedman_swamp_blocks, nicolae_swamp_round_clearing
Swamp:4:  evilmike_swamp_ruin_house_2, swamp_pool1, st_shrine_of_shade,
          uniq_nikola, uniq_agnes
Swamp:5:  swamp_vile, swamp_pool4
Spider:1: spider_trap
Spider:3: uniq_arachne
Spider:5: guppyfry_spider_rune
Slime:1:  cheibrodos_slime_lost_civilization_5
Vaults:1: v_pattern_5, v_misc_17, nicolae_vaults_diagonal_hallway_8,
          nicolae_vaults_what_the_h, hangedman_vaults_restitches,
          v_alt_pattern_2, nicolae_vaults_circle_grid_b, hangedman_vaults_snaps,
          vaults_dpeg_encased_lava, nicolae_vaults_yaktaur_gun_rack,
          nicolae_vaults_octagons, vaults_dpeg_hooks, vaults_room_door_ring,
          nicolae_vaults_diagonal_hallway_6, vaults_dpeg_cross,
          mu_enter_wizlab_7, uniq_norris
Vaults:2: vaults_room_ringed_pool, nicolae_vaults_arrows, vaults_dpeg_doors,
          v_misc_12, v_alt_pattern_6, v_misc_22, minmay_crypt_entry_necro_gods,
          ontoclasm_vaults_pinch, vaults_room_fancy_cross, v_misc_19,
          dpeg_vaults_monster_row, vaults_room_pools,
          nicolae_vaults_mini_display_case, hangedman_vaults_nails,
          ontoclasm_vaults_idyll
Vaults:3: nicolae_vaults_little_squares_4, v_misc_13, v_rooms_4,
          vaults_standard_mumra_x, vaults_room_corners, vaults_room_semicircle,
          ontoclasm_vaults_shout, grunt_vaults_diagonal, vaults_dpeg_diagonal,
          uniq_mara, uniq_jory
Vaults:4: nicolae_vaults_little_ls, vaults_room_hangedman_quadrants, v_misc_29,
          hangedman_vaults_corner_blocks, nicolae_vaults_little_squares_2,
          vaults_room_large_hall, hangedman_vaults_impose, vaults_room_boxed,
          vaults_room_fours, v_pattern_2, hangedman_vaults_river_flow,
          vaults_dpeg_spiral, hangedman_vaults_locks, v_alt_pattern_3,
          serial_shops, shop, uniq_donald, uniq_boris, uniq_xtahua
Crypt:1:  basic_loot_grate_trap, grunt_crypt_arrival_split, grunt_megastairs_2
Crypt:2:  uniq_margery
Crypt:3:  church_of_pain_bobbens
Depths:1: evilmike_library_of_no_secrets, minmay_misc_feat_iff,
          grunt_pan_entry_in_and_out, grunt_hell_horde, st_stairs_1,
          nicolae_good_shop
Depths:2: grunt_x_marks_the_spot, pf_coc_iceberg, nrook_mini_vaults,
          minmay_staircase_bubble, firewood_loft
Depths:3: thingy_vault, enter_ziggurat_f, pf_hell_entry_tar_spiral, abyss_entry,
          serial_bayou_pond_e, rand_demon_pan_entry_7, grunt_megastairs_4
Depths:4: lemuel_troll_bridge, abyss_entry, hell_entry,
          kennysheep_cluttered_room, grunt_decor_arrowhead,
          infiniplex_staircase_door_maze
Depths:5: grunt_bruiser_brothers, rand_demon_pan_entry_4, serial_shops,
          bzr_entry_dummy, hell_entry
Bazaar:   bazaar_minmay_generic_island
Bailey:   bailey_polearm_5, bailey


Message History

The splash of acid hits you! You resist.
* * * LOW HITPOINT WARNING * * *
The acid corrodes your equipment!
The acid burns!
You resist.
* * * LOW HITPOINT WARNING * * *
The acid blob spits acid at you. The splash of acid hits you! You resist.
* * * LOW HITPOINT WARNING * * *
The acid burns!
You resist.
* * * LOW HITPOINT WARNING * * *
Read which item? (? for menu, Esc to quit)
As you read the scroll of fog, it crumbles to dust.
The scroll dissolves into smoke.
The acid blob burns!
The acid blob spits acid at you. The splash of acid hits you! You resist.
* * * LOW HITPOINT WARNING * * *
The acid burns!
You resist.
* * * LOW HITPOINT WARNING * * *
The acid blob spits acid at you. The splash of acid hits you! You resist.
* * * LOW HITPOINT WARNING * * *
The acid burns!
You resist.
* * * LOW HITPOINT WARNING * * *
Evoke which item? (* to show all) (? for menu, Esc to quit)
Zapping:
u - a wand of heal wounds (3)
Press: ? - help, Shift-Dir - straight line, f - you, p - acid blob You feel much better.
This wand has 2 charges left.
The acid blob burns!
The acid blob spits acid at you. The splash of acid hits you! You resist.
* * * LOW HITPOINT WARNING * * *
The acid corrodes your equipment!
The acid burns!
You resist.
* * * LOW HITPOINT WARNING * * *
A slime creature comes into view.
The acid blob burns!
The acid blob stops burning.
You block the acid blob's attack.
Unknown command.
Casting: Sticky Flame
Confirm with . or Enter, or press ? or * to list all spells.
Okay, then.
Unknown command.
Evoke which item? (* to show all) (? for menu, Esc to quit)
Zapping:
u - a wand of heal wounds (2)
Press: ? - help, Shift-Dir - straight line, f - you You feel much better.
This wand has 1 charge left.
The acid blob spits acid at you. The splash of acid hits you! You resist.
* * * LOW HITPOINT WARNING * * *
The acid corrodes your equipment!
The acid burns!
You resist.
* * * LOW HITPOINT WARNING * * *
Casting: Sticky Flame
Confirm with . or Enter, or press ? or * to list all spells.
Aiming: Sticky Flame
Press: ? - help, Shift-Dir - straight line, f - acid blob
Aim: an acid blob (black smoke, severely wounded)
The sticky flame hits the acid blob.
The acid blob is severely wounded.
The acid blob is covered in liquid flames!
The acid blob burns!
The acid blob jiggles.
The acid blob spits acid at you. The splash of acid hits you! You resist.
* * * LOW HITPOINT WARNING * * *
The acid burns!
You resist.
* * * LOW HITPOINT WARNING * * *
The acid blob spits acid at you. The splash of acid misses you.
The acid blob barely misses you.
You hit the acid blob.
There is a sudden explosion of sparks!
The acid blob is almost dead.
You thrash the acid blob!!
You kill the acid blob!
Makhleb accepts your kill.
You feel a little better.
You hear a distant blaring wail to the northwest.
The acid blob hits you!!!
* * * LOW HITPOINT WARNING * * *
You are splashed with acid!
The acid burns!
You resist.
* * * LOW HITPOINT WARNING * * *
Drink which item? (? for menu, Esc to quit)
You feel much better. The acid blob closely misses you.
Unknown command.
Casting: Sticky Flame
Confirm with . or Enter, or press ? or * to list all spells.
Aiming: Haste
Press: ? - help, Shift-Dir - straight line, f - you You feel yourself speed up.
You are very lightly contaminated with residual magic.
The acid blob closely misses you.
Unknown command.
Unknown command.
Casting: Haste
Confirm with . or Enter, or press ? or * to list all spells.
Aiming: Sticky Flame
Press: ? - help, Shift-Dir - straight line, f - acid blob
Aim: an acid blob (black smoke)
The sticky flame hits the acid blob.
The acid blob is lightly wounded.
The acid blob is covered in liquid flames!
The acid blob hits you!!!
* * * LOW HITPOINT WARNING * * *
You are splashed with acid!
The acid burns!
You resist.
You die...

...........<..##.#
.........^......#.
..#.................
....#...........#.#..
..........>J...####..#
...............##....#
............§§§§.§....##
#...........§§J§.#......
....#......§§§@§§........
#...........§§§........#
......#.#............###
.#..##...........#####
### ##.#.#.###.## #######
###


You could see an acid blob (burning).

Table legend:
 A = Kills in this place as a percentage of kills in entire the game.
 B = Kills by you in this place as a percentage of kills by you in the entire game.
 C = Kills by friends in this place as a percentage of kills by friends in the entire game.
 D = Other kills in this place as a percentage of other kills in the entire game.
 E = Experience gained in this place as a percentage of experience gained in the entire game.
 F = Experience gained in this place divided by the number of levels of this place that you have seen.
                   A       B       C       D       E      F
               +-------+-------+-------+-------+-------+----------------------
         Total | 100.0 | 100.0 | 100.0 | 100.0 | 100.0 | 17350.4
       Dungeon |  19.6 |  19.8 |   5.6 |  11.1 |   5.8 | 3863.7
  Orcish Mines |   8.4 |   8.5 |   0.0 |   0.0 |   1.2 | 2896.5
   Elven Halls |   5.2 |   5.3 |   0.0 |   0.0 |   9.0 | 30258.0
          Lair |  12.7 |  13.0 |   0.0 |   0.0 |   5.8 | 7310.1
         Swamp |  10.6 |  10.4 |  19.4 |  11.1 |  10.7 | 21458.0
   Spider Nest |   7.4 |   7.4 |   0.0 |  22.2 |   6.5 | 13101.8
    Slime Pits |   1.4 |   1.4 |   0.0 |   0.0 |   2.3 | 11607.5
        Vaults |   7.8 |   7.3 |  41.7 |   0.0 |  10.2 | 25705.8
         Crypt |   9.3 |   9.3 |   5.6 |  22.2 |  14.3 | 48024.0
        Depths |  16.3 |  16.1 |  25.0 |  33.3 |  34.0 | 68498.2
          Hell |   0.0 |   0.0 |   2.8 |   0.0 |   0.0 |  16.0
        Bailey |   1.5 |   1.5 |   0.0 |   0.0 |   0.2 | 2109.0
               +-------+-------+-------+-------+-------+----------------------

Vanquished Creatures
  A greater mummy (Crypt:3)
  Saint Roka (Elf:2)
  Margery (Crypt:1)
  Norris (Vaults:1)
  Nikola (Swamp:4)
  Arachne (Spider:3)
  4 liches
  5 tentacled monstrosities
  2 deep elf master archers (Elf:3)
  2 deep elf blademasters (Elf:3)
  4 acid blobs
  3 sphinxes
  2 tengu reavers (Depths:3)
  3 thorn hunters
  A storm dragon (Depths:5)
  9 fire giants
  3 ancient champions
  3 azure jellies
  A revenant (Crypt:3)
  7 frost giants
  6 vault wardens
  Aizul (Swamp:1)
  Louise (Elf:2)
  3 deep elf sorcerers (Elf:3)
  9 emperor scorpions
  A cacodemon (Depths:3)
  A spriggan defender (Depths:2)
  9 ghouls
  4 reapers
  11 very ugly things
  14 stone giants
  3 grey draconians (Depths:5)
  8 deep elf demonologists
  5 deep elf annihilators (Elf:3)
  3 black draconians (Depths:5)
  2 vampire knights
  5 dire elephants
  8 deep elf death magi
  6 minotaurs
  An unborn (Crypt:3)
  3 eidola (Crypt:3)
  Snorg (Lair:3)
  6 mummy priests (Crypt:3)
  10 fire dragons
  18 jiangshi
  10 ettins
  A deep elf high priest (Elf:3)
  Josephine (Elf:1)
  A green death (Swamp:5)
  3 great orbs of eyes
  8 yaktaur captains
  18 hydras
  Fannar (Lair:1)
  2 quicksilver dragon skeletons
  10 ice dragons
  16 rakshasas
  6 ironheart preservers
  6 spriggan air magi
  6 ghost crabs
  Nessos (Elf:1)
  Erica (Lair:6)
  10 centaur warriors
  12 alligators
  6 ogre magi
  16 deep troll shamans
  4 death knights
  19 deep troll earth magi
  17 death yaks
  3 tengu warriors
  13 hell knights
  An orc high priest (Orc:4)
  4 vampire magi
  A hell hog (Depths:1)
  7 spriggan berserkers
  A fire crab (Vaults:2)
  4 soul eaters (Crypt:3)
  A salamander mystic (Depths:4)
  3 shadow wraiths
  23 deep elf knights
  2 unseen horrors (Vaults:1)
  The ghost of emiel the Thaumaturge, an experienced HEIE of Vehumet (D:10)
  An ice devil (Elf:3)
  3 catoblepae
  18 skeletal warriors
  6 iron trolls
  2 large abominations (Swamp:5)
  16 orb spiders
  7 flayed ghosts
  3 wizards
  3 spriggan druids
  3 giant orange brains
  A golden dragon zombie (Crypt:1)
  10 hill giants
  An anaconda zombie (Crypt:3)
  An orb spider (shapeshifter) (D:15)
  A giant orange brain (shapeshifter) (Depths:2)
  A harpy (shapeshifter) (Vaults:1)
  5 swamp dragons
  10 deep elf summoners
  An anaconda skeleton (Crypt:3)
  A deep troll (shapeshifter) (Vaults:3)
  44 deep trolls
  8 ironbrand convokers
  Pikel (D:9)
  3 shining eyes
  17 deep elf conjurers
  4 orc sorcerers
  A lindwurm (Lair:8)
  2 salamanders (Depths:4)
  A wolf spider zombie (Crypt:3)
  6 griffons
  3 oklob plants (Lair:6)
  11 necromancers
  9 orc knights
  3 manticores
  4 harpies (Vaults:2)
  35 wolf spiders
  54 ugly things
  A moth of wrath (Spider:5)
  10 red wasps
  2 elephants (Depths:3)
  9 phantasmal warriors
  10 cyclopes
  Maurice (D:9)
  An octopode (shapeshifter) (Elf:2)
  A titan simulacrum (Crypt:3)
  A centaur zombie (D:14)
  8 vault sentinels
  2 dire elephant zombies (Crypt:3)
  2 elephants (shapeshifter)
  14 black mambas
  A sixfirhy (Depths:2)
  3 torpor snails
  A shock serpent skeleton (Crypt:1)
  A torpor snail (shapeshifter) (Depths:3)
  23 spiny frogs
  An emperor scorpion zombie (Crypt:3)
  An elephant slug zombie (Crypt:2)
  4 komodo dragons
  4 orange demons
  A guardian serpent (Lair:8)
  11 freezing wraiths
  A white draconian zombie (Crypt:2)
  3 kobold demonologists
  5 fire drakes
  A golden dragon simulacrum (Crypt:3)
  A green draconian skeleton (Crypt:3)
  A silent spectre (Crypt:3)
  A death yak skeleton (Crypt:1)
  A ghoul skeleton (Crypt:3)
  An efreet (D:15)
  63 yaktaurs
  2 hydra zombies
  Grinder (D:6)
  15 demonic crawlers
  A red devil (Depths:3)
  39 guardian mummies (Crypt:3)
  A tengu conjurer (Depths:3)
  19 jumping spiders
  A sea snake skeleton (Crypt:3)
  3 polar bears
  9 two-headed ogres
  6 boulder beetles
  A queen bee (D:12)
  A baby alligator (shapeshifter) (Depths:2)
  5 deep elf priests
  Prince Ribbit (Orc:1)
  13 trolls
  25 blink frogs
  9 giant leeches
  A blue devil (Depths:2)
  An ettin zombie (Crypt:3)
  A harpy skeleton (Crypt:1)
  15 ravens
  62 slime creatures
  12 air elementals
  A catoblepas skeleton (Crypt:1)
  14 bog bodies
  7 basilisks
  4 water elementals (Depths:4)
  17 baby alligators
  A frost giant simulacrum (Vaults:1)
  A hog (shapeshifter) (Vaults:1)
  18 tarantellas
  A fire elemental (Depths:5)
  A guardian serpent skeleton (Crypt:2)
  39 redbacks
  23 shadows
  3 wyverns (Lair:8)
  41 yaks
  14 flying skulls
  A deep troll skeleton (Depths:5)
  13 trapdoor spiders
  17 wraiths
  4 vampires
  A steam dragon (D:10)
  27 deep elf magi
  20 spriggans
  A hungry ghost (D:14)
  Grum (D:13)
  A hill giant skeleton (D:10)
  22 deep elf fighters
  A wind drake skeleton (Crypt:2)
  A hippogriff (shapeshifter) (Depths:4)
  11 hippogriffs
  Edmund (D:6)
  A torturous demonspawn zombie (Crypt:3)
  39 vampire mosquitoes
  A hydra simulacrum (D:14)
  14 porcupines
  15 wolves
  33 water moccasins
  30 swamp worms
  2 wargs (Elf:2)
  3 soldier ants
  An ice beast (D:8)
  56 orc warriors
  4 mottled dragons
  2 ogre skeletons
  11 swamp drakes
  52 spiders
  A black bear (Lair:5)
  5 sky beasts
  A fire dragon simulacrum (Crypt:1)
  8 hell hounds (Depths:1)
  The ghost of tognito the Skirmisher, an average MiBe of Trog (D:4)
  A monstrous demonspawn skeleton (Crypt:1)
  8 necrophages
  2 phantoms
  5 boggarts
  3 boring beetles
  22 yellow wasps
  23 centaurs
  22 ogres
  A tengu (shapeshifter) (Depths:3)
  3 lost souls
  20 crocodiles
  5 big kobolds
  A komodo dragon zombie (D:14)
  22 giant frogs
  A spectral basilisk (Crypt:3)
  A yaktaur skeleton (D:13)
  22 insubstantial wisps
  2 eyes of draining
  17 killer bees
  7 scorpions
  An eye of draining (shapeshifter) (Vaults:2)
  14 wights
  3 electric eels
  A boring beetle zombie (Crypt:3)
  10 crimson imps
  10 hounds
  A human simulacrum (Vaults:2)
  A giant frog zombie (D:13)
  A goliath beetle (D:10)
  35 orc priests
  A two-headed ogre skeleton (D:14)
  15 iguanas
  11 jellies
  17 worker ants
  A centaur skeleton (D:6)
  4 elf zombies
  A giant frog skeleton (D:8)
  2 elf skeletons (Elf:1)
  33 orc wizards
  4 orange rats
  19 sheep
  A sky beast zombie (Crypt:3)
  A demigod zombie (Crypt:1)
  A tengu skeleton (Crypt:2)
  A crocodile skeleton (Crypt:3)
  12 mummies
  A gnoll (shapeshifter) (Depths:4)
  8 gnolls
  26 adders
  5 giant mites
  A steam dragon skeleton (Crypt:2)
  A shadow imp (D:13)
  83 green rats
  A worm (D:3)
  An iguana skeleton (D:4)
  2 orc skeletons
  4 giant geckos
  An ooze (D:3)
  222 orcs
  2 bat skeletons
  8 giant cockroaches
  27 goblins
  27 hobgoblins
  11 jackals
  10 quokkas
  28 bats
  4 giant newts
  A giant newt skeleton (D:4)
  A giant newt zombie (D:5)
  3 giant spores
  A goblin skeleton (D:4)
  A goblin zombie (D:5)
  A hobgoblin skeleton (Crypt:1)
  A hobgoblin zombie (Crypt:1)
  23 kobolds
  A quokka zombie (Crypt:2)
  12 rats
  A rat skeleton (D:5)
  10 ballistomycetes
  3 fungi
2676 creatures vanquished.

Vanquished Creatures (collateral kills)
  2 golden dragons
  Agnes (Swamp:4)
  3 fire giants
  A draconian zealot (Depths:5)
  A yaktaur captain (Depths:3)
  An alligator (Swamp:4)
  A hydra (Swamp:4)
  A deep troll earth mage (Depths:5)
  2 hell knights
  A deep troll (Vaults:1)
  An ironbrand convoker (Vaults:1)
  An orc knight (Vaults:1)
  A vault sentinel (Vaults:1)
  5 yaktaurs
  A komodo dragon (Swamp:1)
  A bog body (Swamp:1)
  2 swamp worms
  A mottled dragon (Vaults:1)
  A vampire mosquito (D:15)
  3 orc warriors
  An orange rat (Hell)
  A sheep (Vaults:2)
  2 orcs (Vaults:1)
  A jackal skeleton (Crypt:2)
36 creatures vanquished.

Vanquished Creatures (others)
  3 cacodemons
  2 balrugs
  A grey draconian (Depths:5)
  3 blizzard demons
  A green death (Depths:3)
  A skeletal warrior (Crypt:3)
  A jumping spider (Spider:2)
  A demonic crawler (Spider:4)
  6 fire elementals
  2 hell hounds (Depths:1)
  A baby alligator (Swamp:2)
  A deep elf fighter (Elf:1)
  An orc warrior (Vaults:1)
  A sky beast (D:7)
  3 slaves (D:9)
  2 ogres
  A boggart (Depths:3)
  6 lost souls
  A wight (D:9)
  An orc wizard (D:10)
  3 orcs
  A hobgoblin (D:9)
  A quokka (D:9)
  3 giant spores
  12 fungi
  9 plants
68 creatures vanquished.

Grand Total: 2780 creatures vanquished

Notes
Turn   | Place    | Note
--------------------------------------------------------------
     0 | D:1      | magipi, the Tengu Fire Elementalist, began the quest for the Orb.
     0 | D:1      | Reached XP level 1. HP: 10/10 MP: 3/3
   518 | D:1      | Reached XP level 2. HP: 15/15 MP: 3/5
   962 | D:1      | Reached skill level 4 in Fire Magic
   962 | D:1      | Reached XP level 3. HP: 19/19 MP: 4/7
  1442 | D:2      | Learned a level 3 spell: Conjure Flame
  2247 | D:2      | Reached XP level 4. HP: 24/24 MP: 5/8
  3158 | D:3      | Reached XP level 5. HP: 28/28 MP: 5/11
  3491 | D:3      | Reached skill level 5 in Fire Magic
  3629 | D:3      | Found a stormy altar of Qazlal.
  3870 | D:3      | Reached skill level 5 in Conjurations
  4225 | D:4      | Learned a level 4 spell: Sticky Flame
  4283 | D:4      | Reached XP level 6. HP: 22/32 MP: 8/12
  5067 | D:4      | Reached skill level 6 in Conjurations
  5212 | D:4      | Noticed tognito's ghost (average MiBe)
  5234 | D:5      | Entered Level 5 of the Dungeon
  5322 | D:5      | Reached XP level 7. HP: 31/36 MP: 8/14
  5794 | D:5      | Reached skill level 7 in Conjurations
  6069 | D:5      | Found a snail-covered altar of Cheibriados.
  6748 | D:5      | Reached XP level 8. HP: 36/41 MP: 6/16
  6866 | D:6      | Reached skill level 5 in Dodging
  7167 | D:6      | Noticed Grinder
  7210 | D:6      | Killed Grinder
  7335 | D:6      | Noticed Edmund
  7373 | D:6      | Killed Edmund
  7595 | D:6      | Found an ancient bone altar of Kikubaaqudgha.
  7945 | D:6      | Found a staircase to the Ecumenical Temple.
  7962 | Temple   | Entered the Ecumenical Temple
  8081 | D:7      | Reached skill level 8 in Dodging
  8120 | D:7      | Reached XP level 9. HP: 36/45 MP: 3/17
  8221 | D:7      | Got a glittering bronze amulet
  8641 | D:7      | Reached skill level 9 in Dodging
  9278 | D:8      | Reached skill level 10 in Dodging
  9366 | D:8      | Found a burning altar of Makhleb.
  9400 | D:8      | Reached skill level 1 in Fighting
  9460 | D:8      | Became a worshipper of Makhleb the Destroyer
  9578 | D:8      | Found a shadowy altar of Dithmenos.
 10042 | D:8      | Acquired Makhleb's first power
 10220 | D:8      | Reached skill level 5 in Fighting
 10335 | D:8      | Found a roughly hewn altar of Beogh.
 10607 | D:8      | Reached XP level 10. HP: 28/60 MP: 10/18
 11079 | D:9      | Identified the amulet of Gevuv {+Rage Dex+2 Int+2} (You found it on level 7 of the Dungeon)
 11082 | D:9      | Noticed Maurice
 11158 | D:9      | Killed Maurice
 11164 | D:9      | Acquired Makhleb's second power
 11301 | D:9      | Reached skill level 5 in Evocations
 11415 | D:9      | Reached skill level 5 in Staves
 11556 | D:9      | Found a staircase to the Lair.
 11764 | D:8      | Reached XP level 11. HP: 64/64 MP: 3/23
 12248 | D:9      | Noticed Pikel
 12263 | D:9      | Killed Pikel
 12397 | D:9      | Noticed a three-headed hydra
 12424 | D:9      | Killed a three-headed hydra
 12424 | D:9      | Acquired Makhleb's third power
 12635 | D:9      | Found a staircase to the Orcish Mines.
 12753 | D:10     | Entered Level 10 of the Dungeon
 12827 | D:10     | Found Noucvyra's Assorted Antiques.
 12956 | D:10     | Noticed emiel's ghost (experienced HEIE)
 13044 | D:10     | Noticed a hill giant
 13056 | D:10     | Killed a hill giant
 13519 | Lair:1   | Entered Level 1 of the Lair of Beasts
 13835 | Lair:1   | Acquired Makhleb's fourth power
 13876 | Lair:1   | Noticed Fannar
 13891 | Lair:1   | Killed Fannar
 13891 | Lair:1   | Reached skill level 10 in Evocations
 14648 | Lair:2   | Reached XP level 12. HP: 70/70 MP: 24/27
 14765 | Lair:2   | Reached skill level 10 in Staves
 15123 | Lair:2   | Reached skill level 11 in Evocations
 15741 | Lair:3   | Acquired Makhleb's fifth power
 15911 | Lair:3   | Noticed Snorg
 16524 | Lair:4   | Found a hole to the Spider Nest.
 18102 | Lair:5   | Reached XP level 13. HP: 78/78 MP: 14/28
 18109 | Lair:5   | Reached skill level 10 in Fire Magic
 18227 | Lair:5   | Got a shimmering trident
 18228 | Lair:5   | Identified the +10 trident "Aris" {venom, +Rage rPois rF- rC++ Str+1} (You found it on level 5 of the Lair of Beasts)
 18904 | Lair:6   | Noticed Erica
 18946 | Lair:6   | Killed Erica
 19604 | Lair:7   | Reached skill level 10 in Conjurations
 20758 | Lair:8   | Entered Level 8 of the Lair of Beasts
 21076 | Lair:8   | Learned a level 5 spell: Fireball
 21083 | Lair:8   | Learned a level 6 spell: Bolt of Fire
 21716 | Orc:1    | Entered Level 1 of the Orcish Mines
 21719 | Orc:1    | Noticed Prince Ribbit
 21733 | Orc:1    | Killed Prince Ribbit
 21801 | Orc:1    | Found a roughly hewn altar of Beogh.
 22295 | Orc:2    | Found a burning altar of Makhleb.
 22305 | Orc:2    | Found Shryaxo's Distillery.
 22314 | Orc:2    | Bought a potion of curing for 26 gold pieces
 22314 | Orc:2    | Bought 2 potions of magic for 143 gold pieces
 22314 | Orc:2    | Bought a potion of haste for 91 gold pieces
 22314 | Orc:2    | Bought a potion of confusion for 13 gold pieces
 22314 | Orc:2    | Bought 2 potions of agility for 65 gold pieces
 22314 | Orc:2    | Bought a potion of resistance for 91 gold pieces
 22642 | Orc:3    | Found Himicrepo's Weapon Shoppe.
 22738 | Orc:3    | Found a flagged portal.
 22740 | Orc:3    | Found a staircase to the Elven Halls.
 22751 | Bailey   | Entered a bailey
 22836 | Bailey   | Reached skill level 5 in Spellcasting
 23557 | Orc:2    | Reached skill level 1 in Invocations
 23949 | Orc:4    | Entered Level 4 of the Orcish Mines
 24701 | Orc:4    | Reached XP level 14. HP: 73/84 MP: 29/29
 25333 | Orc:4    | Found Hatudi Losu's Antique Weapon Shop.
 25333 | Orc:4    | Found Hast's Antique Armour Emporium.
 25336 | Orc:4    | Found Zejuw's Food Shoppe.
 25338 | Orc:4    | Found Ynecuc's Jewellery Boutique.
 25487 | Orc:4    | Reached skill level 5 in Invocations
 25779 | D:10     | Killed emiel's ghost
 25866 | D:10     | Noticed a hill giant
 25875 | D:10     | Killed a hill giant
 26385 | D:4      | Found a snail-covered altar of Cheibriados.
 26463 | D:4      | Killed tognito's ghost
 26786 | Lair:3   | Killed Snorg
 27207 | Lair:3   | Found a staircase to the Swamp.
 27526 | Lair:6   | Found a staircase to the Slime Pits.
 28578 | Lair:8   | Reached skill level 10 in Invocations
 29326 | D:11     | Reached XP level 15. HP: 88/88 MP: 30/30
 30918 | D:12     | Learned a level 2 spell: Blink
 30921 | D:12     | Learned a level 2 spell: Repel Missiles
 31715 | D:13     | Found a gate to the Vaults.
 31747 | D:13     | Noticed Grum
 31763 | D:13     | Killed Grum
 32275 | D:14     | Learned a level 1 spell: Apportation
 32677 | D:14     | Reached skill level 12 in Invocations
 33489 | D:15     | Entered Level 15 of the Dungeon
 33717 | D:15     | Reached skill level 1 in Translocations
 34327 | D:15     | Found a staircase to the Depths.
 34327 | D:15     | Noticed a fire giant
 34822 | D:15     | Reached skill level 1 in Air Magic
 35252 | D:15     | Reached skill level 1 in Charms
 35851 | Spider:1 | Entered Level 1 of the Spider Nest
 36213 | Spider:1 | Reached XP level 16. HP: 96/96 MP: 32/32
 38318 | Spider:2 | Got a shimmering buckler
 38319 | Spider:2 | Identified the +1 buckler of Nemelex Xobeh {Str+2 Int-3} (You found it on level 2 of the Spider Nest)
 38619 | Spider:3 | Got a transparent robe
 38630 | Spider:2 | Identified the +2 robe of Klir {Dex+1 Int+3} (You found it on level 3 of the Spider Nest)
 38709 | Spider:3 | Noticed Arachne
 38842 | Spider:3 | Killed Arachne
 38842 | Spider:3 | Reached skill level 5 in Charms
 39431 | Spider:4 | Identified a scroll of acquirement
 40541 | Spider:5 | Entered Level 5 of the Spider Nest
 40792 | Spider:5 | Learned a level 1 spell: Summon Butterflies
 40887 | Spider:5 | Reached skill level 1 in Summonings
 41620 | Spider:5 | Learned a level 6 spell: Haste
 41654 | Spider:5 | Reached XP level 17. HP: 100/100 MP: 27/33
 43013 | Swamp:1  | Entered Level 1 of the Swamp
 43074 | Swamp:1  | Noticed Aizul
 43145 | Swamp:1  | Killed Aizul
 43598 | Swamp:1  | Reached skill level 10 in Charms
 46555 | Swamp:4  | Noticed Agnes
 46825 | Swamp:4  | Noticed Nikola
 46842 | Swamp:4  | Noticed a tentacled monstrosity
 46859 | Swamp:4  | Killed a tentacled monstrosity
 46921 | Swamp:4  | Killed Nikola
 46921 | Swamp:4  | Reached XP level 18. HP: 84/105 MP: 17/34
 47222 | Swamp:4  | Reached skill level 13 in Charms
 47921 | Swamp:4  | Killed Agnes
 47961 | Swamp:5  | Entered Level 5 of the Swamp
 49232 | Swamp:5  | Reached skill level 1 in Armour
 49502 | Swamp:5  | Noticed a tentacled monstrosity
 49513 | Swamp:5  | Killed a tentacled monstrosity
 49763 | Swamp:5  | Got a decaying rune of Zot
 50135 | Vaults:1 | Entered Level 1 of the Vaults
 50178 | Vaults:1 | Found a magical portal.
 50231 | Vaults:1 | Reached skill level 10 in Fighting
 50414 | Vaults:1 | Reached skill level 1 in Shields
 50612 | Vaults:1 | Reached skill level 5 in Armour
 51329 | Vaults:1 | Reached skill level 5 in Shields
 51394 | Vaults:1 | Reached XP level 19. HP: 112/112 MP: 25/34
 52035 | Vaults:1 | Noticed Norris
 52047 | Vaults:1 | Killed Norris
 52707 | Vaults:2 | Reached skill level 5 in Air Magic
 53646 | Vaults:2 | Learned a level 4 spell: Airstrike
 54950 | Vaults:2 | Reached skill level 10 in Spellcasting
 55067 | Vaults:2 | Found a staircase to the Crypt.
 55067 | Vaults:2 | Found an ancient bone altar of Kikubaaqudgha.
 55068 | Vaults:2 | Found a basalt altar of Yredelemnul.
 55525 | Vaults:3 | Noticed Mara
 55899 | D:15     | Killed a fire giant
 56095 | Depths:1 | Entered Level 1 of the Depths
 56131 | Depths:1 | Reached skill level 10 in Air Magic
 56519 | Depths:1 | Reached XP level 20. HP: 117/117 MP: 32/37
 57482 | Depths:1 | Found a gateway to Hell.
 57494 | Depths:1 | Found Quafoah's Hallowed Reliquary.
 58181 | Depths:1 | Found a white marble altar of Elyvilon.
 58299 | Depths:1 | Bought a wand of heal wounds (6) for 1320 gold pieces
 58681 | Depths:2 | Reached skill level 1 in Maces & Flails
 59146 | Depths:2 | Noticed a Brimstone Fiend
 59581 | Depths:2 | Reached skill level 5 in Maces & Flails
 60308 | Elf:1    | Entered Level 1 of the Elven Halls
 60773 | Elf:1    | Noticed Josephine
 60783 | Elf:1    | Killed Josephine
 60914 | Elf:1    | Noticed Nessos
 60948 | Elf:1    | Killed Nessos
 61088 | Elf:1    | Found Khiach's Jewellery Boutique.
 61343 | Elf:2    | Noticed Saint Roka
 61454 | Elf:2    | Killed Saint Roka
 61758 | Elf:2    | Reached XP level 21. HP: 124/124 MP: 33/37
 62065 | Elf:2    | Noticed Louise
 62127 | Elf:2    | Killed Louise
 62154 | Elf:2    | Got a twisted hat
 62155 | Elf:2    | Identified the +0 hat of Vestrueh {Str+3} (You acquired it on level 2 of the Elven Halls)
 62312 | Elf:3    | Entered Level 3 of the Elven Halls
 62312 | Elf:3    | Found Zoces' Jewellery Shoppe.
 63610 | Elf:3    | Got a warped golden ring
 63613 | Elf:3    | Identified the ring "Voutzap" {AC+3 Str+3} (You took it off a deep elf demonologist on level 3 of the Elven Halls)
 63725 | Elf:3    | Got a faintly glowing tin ring
 63743 | Elf:3    | Identified the ring "Tacs" {rPois rC+} (You took it off a deep elf conjurer on level 3 of the Elven Halls)
 65372 | Elf:3    | Identified the Collected Works on Arcane Weapons and Stolen Souls
 66637 | Depths:3 | Reached skill level 14 in Dodging
 67630 | Depths:2 | Reached XP level 22. HP: 135/135 MP: 20/38
 68418 | Depths:2 | Reached skill level 15 in Dodging
 68699 | Depths:3 | Reached skill level 15 in Air Magic
 68713 | Depths:3 | Found a one-way gate leading to the halls of Pandemonium.
 69383 | Depths:3 | Reached skill level 16 in Air Magic
 69422 | Depths:3 | Found a one-way gate to the infinite horrors of the Abyss.
 70261 | Depths:3 | Found a gateway to a ziggurat.
 70662 | Depths:3 | Reached skill level 17 in Air Magic
 71226 | Depths:3 | Noticed a golden dragon
 71261 | Depths:3 | Killed a golden dragon
 71364 | Depths:3 | Reached skill level 18 in Air Magic
 71867 | Depths:2 | Got a fine quarterstaff
 71868 | Depths:2 | Identified the +5 quarterstaff of Throcuenk {crush, +Fly} (You found it on level 2 of the Depths)
 72805 | Depths:4 | Reached XP level 23. HP: 140/140 MP: 25/38
 72815 | Depths:4 | Reached skill level 19 in Air Magic
 74371 | Elf:3    | Bought an uncursed ring of wizardry for 300 gold pieces
 74907 | Vaults:4 | Noticed Xtahua
 75000 | Vaults:3 | Reached skill level 20 in Air Magic
 75254 | Vaults:4 | Noticed Boris
 75753 | Depths:5 | Entered Level 5 of the Depths
 77373 | Depths:5 | Reached skill level 21 in Air Magic
 77610 | Depths:5 | Found a gateway to a bazaar.
 77617 | Bazaar   | Entered a bazaar
 77617 | Bazaar   | Found Weor's Gadget Shoppe.
 77617 | Bazaar   | Found Xamyhasi's Magic Scroll Boutique.
 77617 | Bazaar   | Found Ynujuaj's General Store.
 77618 | Bazaar   | Found Dalu's Antique Weapon Emporium.
 77620 | Bazaar   | Found Pheq's Jewellery Shop.
 77627 | Bazaar   | Found Nycyeffa's Armour Shop.
 77632 | Bazaar   | Bought a cursed amulet of inaccuracy for 24 gold pieces
 77638 | Bazaar   | Bought a scroll of remove curse for 33 gold pieces
 77638 | Bazaar   | Bought a scroll of identify for 22 gold pieces
 77638 | Bazaar   | Bought a scroll of acquirement for 572 gold pieces
 77638 | Bazaar   | Bought a scroll of identify for 22 gold pieces
 77638 | Bazaar   | Bought a scroll of teleportation for 33 gold pieces
 77638 | Bazaar   | Bought a scroll of brand weapon for 220 gold pieces
 77638 | Bazaar   | Bought a scroll of identify for 22 gold pieces
 77638 | Bazaar   | Bought a scroll of holy word for 82 gold pieces
 77638 | Bazaar   | Bought a scroll of fear for 38 gold pieces
 77638 | Bazaar   | Bought a scroll of remove curse for 33 gold pieces
 77638 | Bazaar   | Bought a scroll of identify for 22 gold pieces
 77638 | Bazaar   | Bought a scroll of identify for 22 gold pieces
 77681 | Bazaar   | Bought a wand of confusion (11) for 145 gold pieces
 77684 | Bazaar   | Bought 2 scrolls of enchant weapon for 195 gold pieces
 77684 | Bazaar   | Bought a potion of agility for 32 gold pieces
 78485 | Hell     | Entered the Vestibule of Hell
 78485 | Hell     | Noticed Geryon
 78994 | Depths:5 | Found a gate to the Realm of Zot.
 79677 | Depths:1 | Reached XP level 24. HP: 145/145 MP: 34/40
 80004 | Vaults:2 | Learned a level 9 spell: Tornado
 80039 | Crypt:1  | Entered Level 1 of the Crypt
 80173 | Crypt:1  | Reached skill level 22 in Air Magic
 81382 | Crypt:2  | Noticed Margery
 81409 | Crypt:1  | Killed Margery
 82288 | Crypt:3  | Entered Level 3 of the Crypt
 82761 | Crypt:3  | Found a staircase to the Tomb.
 83250 | Crypt:3  | Reached skill level 10 in Maces & Flails
 83327 | Crypt:3  | Found an ancient bone altar of Kikubaaqudgha.
 83676 | Crypt:3  | Reached skill level 23 in Air Magic
 84260 | Crypt:3  | Noticed a greater mummy
 85491 | Crypt:3  | Killed a greater mummy
 85491 | Crypt:3  | Reached skill level 24 in Air Magic
 85722 | Crypt:3  | Got a transparent iron ring
 85755 | Crypt:3  | Identified the Papyrus of Darkness and Ice
 85759 | Crypt:3  | Learned a level 1 spell: Animate Skeleton
 85867 | Crypt:3  | Identified the ring of Omiqun {+/*Tele rF-} (You took it off a skeletal warrior on level 3 of the Crypt)
 86892 | Crypt:3  | Reached XP level 25. HP: 150/150 MP: 19/41
 87330 | Crypt:3  | Reached skill level 25 in Air Magic
 88160 | Slime:1  | Entered Level 1 of the Pits of Slime
 89470 | Slime:2  | Gained mutation: You are clumsy. (Dex -2) [a shining eye]
 89590 | Slime:2  | HP: 2/150 [acid blob (42)]
 89590 | Slime:2  | Splashed by an acid blob's acid

Action                   |  1- 3 |  4- 6 |  7- 9 | 10-12 | 13-15 | 16-18 | 19-21 | 22-24 | 25-27 || total
-------------------------+-------+-------+-------+-------+-------+-------+-------+-------+-------++-------
Melee: Unarmed           |    20 |       |       |       |       |       |     7 |       |       ||    27
       Dagger            |    17 |    23 |    65 |       |       |       |       |       |       ||   105
       Spear             |       |       |    83 |    12 |       |       |       |       |       ||    95
       Staff             |       |       |    51 |   491 |  1385 |  1555 |  1524 |  1151 |       ||  6157
       Quarterstaff      |       |       |       |     8 |       |       |       |       |       ||     8
       Whip              |       |       |       |    19 |    76 |    23 |   228 |   397 |       ||   743
       Trident           |       |       |       |       |    19 |       |       |       |       ||    19
       Blowgun           |       |       |       |       |       |     1 |       |       |       ||     1
       Demon whip        |       |       |       |       |       |       |       |  1125 |   318 ||  1443
 Fire: Blowgun           |       |       |       |    11 |    43 |   264 |    21 |     7 |       ||   346
 Cast: Flame Tongue      |    62 |   138 |   108 |    59 |   118 |    35 |    27 |     3 |       ||   550
       Conjure Flame     |       |     3 |    12 |     5 |    24 |    36 |    50 |    64 |     4 ||   198
       Sticky Flame      |       |     1 |    46 |    96 |   174 |   283 |   279 |   322 |    20 ||  1221
       Fireball          |       |       |       |       |    38 |    19 |    17 |    34 |     2 ||   110
       Bolt of Fire      |       |       |       |       |     7 |       |     3 |     4 |       ||    14
       Repel Missiles    |       |       |       |       |     2 |     2 |    10 |     3 |       ||    17
       Apportation       |       |       |       |       |       |    22 |       |     2 |       ||    24
       Haste             |       |       |       |       |       |     7 |    32 |    32 |     2 ||    73
       Airstrike         |       |       |       |       |       |       |     7 |       |       ||     7
Invok: Greater Servant o |       |       |       |       |       |     6 |     5 |     6 |       ||    17
       Lesser Servant of |       |       |       |       |       |       |       |       |     1 ||     1
 Abil: Fly               |       |       |       |       |       |     2 |       |     5 |       ||     7
       Stop Flying       |       |       |       |       |       |     1 |       |     5 |       ||     6
Evoke: Wand              |       |       |     1 |     5 |     2 |     7 |    17 |     4 |     3 ||    39
       Lamp of fire      |       |       |       |       |       |       |     1 |     2 |       ||     3
  Use: Potion            |     1 |       |       |     1 |     2 |    12 |     7 |     6 |     3 ||    32
       Scroll            |     6 |     4 |     8 |     8 |    14 |    20 |    15 |    25 |     2 ||   102
 Stab: Invisible         |     2 |       |       |       |       |       |    17 |       |       ||    19
       Sleeping          |       |     4 |     4 |     8 |    21 |    14 |       |       |       ||    51
       Distracted        |       |       |       |     1 |     2 |     3 |       |       |     1 ||     7
       Paralysed         |       |       |       |       |       |    11 |     5 |       |       ||    16
  Eat: Chunk             |     5 |     8 |    14 |    32 |    71 |    47 |    43 |    32 |       ||   252
       Beef jerky        |       |     1 |       |       |     4 |     5 |     2 |     1 |       ||    13
       Bread ration      |       |     1 |     3 |     1 |       |       |     2 |     5 |     2 ||    14
       Pizza             |       |       |     1 |     4 |     4 |     1 |       |     2 |       ||    12
       Royal jelly       |       |       |       |     1 |       |       |     1 |       |       ||     2
       Fruit             |       |       |       |     1 |    15 |    23 |     8 |     4 |       ||    51
       Meat ration       |       |       |       |       |       |       |     6 |     9 |       ||    15

Action                   |  1- 3 |  4- 6 |  7- 9 | 10-12 | 13-15 | 16-18 | 19-21 | 22-24 | 25-27 || total
-------------------------+-------+-------+-------+-------+-------+-------+-------+-------+-------++-------
Melee: Unarmed           |    20 |       |       |       |       |       |     7 |       |       ||    27
       Dagger            |    17 |    23 |    65 |       |       |       |       |       |       ||   105
       Spear             |       |       |    83 |    12 |       |       |       |       |       ||    95
       Staff             |       |       |    51 |   491 |  1385 |  1555 |  1524 |  1151 |       ||  6157
       Quarterstaff      |       |       |       |     8 |       |       |       |       |       ||     8
       Whip              |       |       |       |    19 |    76 |    23 |   228 |   397 |       ||   743
       Trident           |       |       |       |       |    19 |       |       |       |       ||    19
       Blowgun           |       |       |       |       |       |     1 |       |       |       ||     1
       Demon whip        |       |       |       |       |       |       |       |  1125 |   318 ||  1443
 Fire: Blowgun           |       |       |       |    11 |    43 |   264 |    21 |     7 |       ||   346
 Cast: Flame Tongue      |    62 |   138 |   108 |    59 |   118 |    35 |    27 |     3 |       ||   550
       Conjure Flame     |       |     3 |    12 |     5 |    24 |    36 |    50 |    64 |     4 ||   198
       Sticky Flame      |       |     1 |    46 |    96 |   174 |   283 |   279 |   322 |    20 ||  1221
       Fireball          |       |       |       |       |    38 |    19 |    17 |    34 |     2 ||   110
       Bolt of Fire      |       |       |       |       |     7 |       |     3 |     4 |       ||    14
       Repel Missiles    |       |       |       |       |     2 |     2 |    10 |     3 |       ||    17
       Apportation       |       |       |       |       |       |    22 |       |     2 |       ||    24
       Haste             |       |       |       |       |       |     7 |    32 |    32 |     2 ||    73
       Airstrike         |       |       |       |       |       |       |     7 |       |       ||     7
Invok: Greater Servant o |       |       |       |       |       |     6 |     5 |     6 |       ||    17
       Lesser Servant of |       |       |       |       |       |       |       |       |     1 ||     1
 Abil: Fly               |       |       |       |       |       |     2 |       |     5 |       ||     7
       Stop Flying       |       |       |       |       |       |     1 |       |     5 |       ||     6
Evoke: Wand              |       |       |     1 |     5 |     2 |     7 |    17 |     4 |     3 ||    39
       Lamp of fire      |       |       |       |       |       |       |     1 |     2 |       ||     3
  Use: Potion            |     1 |       |       |     1 |     2 |    12 |     7 |     6 |     3 ||    32
       Scroll            |     6 |     4 |     8 |     8 |    14 |    20 |    15 |    25 |     2 ||   102
 Stab: Invisible         |     2 |       |       |       |       |       |    17 |       |       ||    19
       Sleeping          |       |     4 |     4 |     8 |    21 |    14 |       |       |       ||    51
       Distracted        |       |       |       |     1 |     2 |     3 |       |       |     1 ||     7
       Paralysed         |       |       |       |       |       |    11 |     5 |       |       ||    16
  Eat: Chunk             |     5 |     8 |    14 |    32 |    71 |    47 |    43 |    32 |       ||   252
       Beef jerky        |       |     1 |       |       |     4 |     5 |     2 |     1 |       ||    13
       Bread ration      |       |     1 |     3 |     1 |       |       |     2 |     5 |     2 ||    14
       Pizza             |       |       |     1 |     4 |     4 |     1 |       |     2 |       ||    12
       Royal jelly       |       |       |       |     1 |       |       |     1 |       |       ||     2
       Fruit             |       |       |       |     1 |    15 |    23 |     8 |     4 |       ||    51
       Meat ration       |       |       |       |       |       |       |     6 |     9 |       ||    15

Action                   |  1- 3 |  4- 6 |  7- 9 | 10-12 | 13-15 | 16-18 | 19-21 | 22-24 | 25-27 || total
-------------------------+-------+-------+-------+-------+-------+-------+-------+-------+-------++-------
Melee: Unarmed           |    20 |       |       |       |       |       |     7 |       |       ||    27
       Dagger            |    17 |    23 |    65 |       |       |       |       |       |       ||   105
       Spear             |       |       |    83 |    12 |       |       |       |       |       ||    95
       Staff             |       |       |    51 |   491 |  1385 |  1555 |  1524 |  1151 |       ||  6157
       Quarterstaff      |       |       |       |     8 |       |       |       |       |       ||     8
       Whip              |       |       |       |    19 |    76 |    23 |   228 |   397 |       ||   743
       Trident           |       |       |       |       |    19 |       |       |       |       ||    19
       Blowgun           |       |       |       |       |       |     1 |       |       |       ||     1
       Demon whip        |       |       |       |       |       |       |       |  1125 |   318 ||  1443
 Fire: Blowgun           |       |       |       |    11 |    43 |   264 |    21 |     7 |       ||   346
 Cast: Flame Tongue      |    62 |   138 |   108 |    59 |   118 |    35 |    27 |     3 |       ||   550
       Conjure Flame     |       |     3 |    12 |     5 |    24 |    36 |    50 |    64 |     4 ||   198
       Sticky Flame      |       |     1 |    46 |    96 |   174 |   283 |   279 |   322 |    20 ||  1221
       Fireball          |       |       |       |       |    38 |    19 |    17 |    34 |     2 ||   110
       Bolt of Fire      |       |       |       |       |     7 |       |     3 |     4 |       ||    14
       Repel Missiles    |       |       |       |       |     2 |     2 |    10 |     3 |       ||    17
       Apportation       |       |       |       |       |       |    22 |       |     2 |       ||    24
       Haste             |       |       |       |       |       |     7 |    32 |    32 |     2 ||    73
       Airstrike         |       |       |       |       |       |       |     7 |       |       ||     7
Invok: Greater Servant o |       |       |       |       |       |     6 |     5 |     6 |       ||    17
       Lesser Servant of |       |       |       |       |       |       |       |       |     1 ||     1
 Abil: Fly               |       |       |       |       |       |     2 |       |     5 |       ||     7
       Stop Flying       |       |       |       |       |       |     1 |       |     5 |       ||     6
Evoke: Wand              |       |       |     1 |     5 |     2 |     7 |    17 |     4 |     3 ||    39
       Lamp of fire      |       |       |       |       |       |       |     1 |     2 |       ||     3
  Use: Potion            |     1 |       |       |     1 |     2 |    12 |     7 |     6 |     3 ||    32
       Scroll            |     6 |     4 |     8 |     8 |    14 |    20 |    15 |    25 |     2 ||   102
 Stab: Invisible         |     2 |       |       |       |       |       |    17 |       |       ||    19
       Sleeping          |       |     4 |     4 |     8 |    21 |    14 |       |       |       ||    51
       Distracted        |       |       |       |     1 |     2 |     3 |       |       |     1 ||     7
       Paralysed         |       |       |       |       |       |    11 |     5 |       |       ||    16
  Eat: Chunk             |     5 |     8 |    14 |    32 |    71 |    47 |    43 |    32 |       ||   252
       Beef jerky        |       |     1 |       |       |     4 |     5 |     2 |     1 |       ||    13
       Bread ration      |       |     1 |     3 |     1 |       |       |     2 |     5 |     2 ||    14
       Pizza             |       |       |     1 |     4 |     4 |     1 |       |     2 |       ||    12
       Royal jelly       |       |       |       |     1 |       |       |     1 |       |       ||     2
       Fruit             |       |       |       |     1 |    15 |    23 |     8 |     4 |       ||    51
       Meat ration       |       |       |       |       |       |       |     6 |     9 |       ||    15
